 Dungeon Crawl Stone Soup version 0.21-a0-401-g0b6bec4 (webtiles) character file.

198394 Moloch the Fencer (level 17, -1/144 HPs)
             Began as a Demonspawn Fighter on Oct 21, 2017.
             Was the Champion of Okawaru.
             Shot with a bolt by a yaktaur captain (26 damage)
             ... on level 1 of the Vaults.
             The game lasted 01:37:22 (44909 turns).

Moloch the Fencer (Demonspawn Fighter)             Turns: 44909, Time: 01:37:22

Health: -1/144     AC: 18    Str: 18    XL:     17   Next: 81%
Magic:  23/27      EV: 20    Int: 10    God:    Okawaru [******]
Gold:   1976       SH: 10    Dex: 24    Spells: 12/16 levels left

rFire    + . .     SeeInvis +   W - +0 demon blade (freeze)
rCold    + . .     Gourm    .   c - +0 shield
rNeg     . . .     Faith    +   z - +0 fire dragon scales
rPois    +         Spirit   .   m - +0 hat {MR+}
rElec    .         Reflect  .   F - +2 cloak
rCorr    .         Harm     .   G - +0 pair of gloves
MR       ++...                  v - +0 pair of boots
Stlth    +.........             a - amulet of faith (curse)
HPRegen  0.34/turn              T - ring "Wirar" {Ice MP+9 Dex+4 SInv Stlth+}
MPRegen  0.20/turn              u - ring of poison resistance

@: about to teleport, marked
A: antennae 1, talons 2, repulsion field 2, agile 1, blurry vision 1, cold
resistance 1, foul stench 2, powered by death 1, rot immunity
}: 1/15 runes: gossamer
a: Heroism, Finesse, Renounce Religion


You were on level 1 of the Vaults.
You worshipped Okawaru.
Okawaru was exalted by your worship.
You were hungry.

You visited 8 branches of the dungeon, and saw 32 of its levels.
You also visited: Labyrinth and Ossuary.

You collected 2600 gold pieces.
You spent 624 gold pieces at shops.

Inventory:

Hand Weapons
 b - a +4 scimitar of flaming
 M - a +2 triple sword of protection
 W - a +0 demon blade of freezing (weapon)
Armour
 c - a +0 shield (worn)
 m - a +0 hat of magic resistance (worn)
 v - a +0 pair of boots (worn)
 z - +0 fire dragon scales (worn)
 F - a +2 cloak (worn)
 G - a +0 pair of gloves (worn)
 V - the +4 plate armour of Day {+Inv Str-3 SInv}
   (Okawaru gifted it to you on level 13 of the Dungeon)

   It affects your strength (-3).
   It lets you see invisible.
   It lets you turn invisible.
 X - a +1 helmet
 Y - a +4 plate armour of magic resistance
Jewellery
 a - a cursed amulet of faith (around neck)
 o - an uncursed ring of flight
 p - a +2 ring of slaying
 u - a ring of poison resistance (right hand)
 C - an uncursed ring of positive energy
 T - the ring "Wirar" (left hand) {Ice MP+9 Dex+4 SInv Stlth+}
   (You found it in an ossuary)

   [ring of ice]

   It enhances your ice magic.
   It affects your dexterity (+4).
   It makes you vulnerable to fire.
   It protects you from cold.
   It affects your magic capacity (+9).
   It lets you see invisible.
   It makes you more stealthy.
Wands
 j - a wand of digging (7/24)
 x - a wand of polymorph (4/24)
 E - a wand of clouds (5/9)
 O - a wand of clouds (9/9)
Scrolls
 e - 14 scrolls of teleportation
 g - 5 scrolls of enchant armour
 i - 2 scrolls of fog
 n - 6 scrolls of enchant weapon
 s - 7 scrolls of recharging
 t - 12 scrolls of magic mapping
 A - 10 scrolls of remove curse
 B - a scroll of noise {unknown}
 H - 3 scrolls of blinking
 P - 2 scrolls of immolation
 S - 2 scrolls of fear
 U - a scroll of summoning
Potions
 d - 5 potions of might
 l - 4 potions of haste
 r - 4 potions of cancellation
 w - 2 potions of lignification
 D - 3 potions of mutation
 I - 2 potions of resistance
 J - 2 potions of magic
 L - 5 potions of flight
 N - 4 potions of brilliance
 Q - 6 potions of heal wounds
 R - 8 potions of curing
 Z - 2 potions of agility
Miscellaneous
 y - a lightning rod (4/4)
Comestibles
 f - 11 bread rations
 h - 17 meat rations
 k - 16 royal jellies
 q - 5 fruits
 K - 4 chunks of flesh


   Skills:
 + Level 16.2 Fighting
 * Level 19.4 Long Blades
 + Level 10.4 Armour
 * Level 12.6 Dodging
 - Level 2.6 Shields
 - Level 2.0 Invocations


You had 12 spell levels left.
You knew the following spells:

 Your Spells              Type           Power        Failure   Level  Hunger
a - Apportation           Tloc           #.....       99%         1    ##.....
b - Regeneration          Chrm/Necr      #.........   100%        3    ####...


Dungeon Overview and Level Annotations

Branches:
Dungeon (15/15)            Temple (1/1) D:5            Lair (6/6) D:10
 Shoals (1/4) Lair:3       Spider (4/4) Lair:3        Slime (0/5) Lair:6
    Orc (2/2) D:11            Elf (0/3) Orc:2        Vaults (1/5) D:13
 Depths (2/5) D:15

Altars:
Ashenzari
Cheibriados
Dithmenos
Elyvilon
Fedhas
Gozag
Hepliaklqana
Kikubaaqudgha
Makhleb
Nemelex Xobeh
Okawaru
Qazlal
Ru
Sif Muna
Trog
Uskayaw
Vehumet
Wu Jian
Xom
Yredelemnul
The Shining One

Shops:
D:6 ?   D:10 }   D:15 *?[=   Orc:1 (   Orc:2 ![[*

Portals:
Hell: Depths:1

Annotations:
Spider:4 exclusion: Roxanne, Roxanne


Innate Abilities, Weirdness & Mutations

You have razor-sharp toenails.
You are surrounded by a moderate repulsion field. (EV +3)
Your flesh is cold resistant. (rC+)
You frequently emit foul miasma when damaged in melee.
You regenerate a little health from kills.
You are immune to rotting.
You have a pair of small antennae on your head.
You are agile. (Dex +2)
Scrolls take you a little longer to read.


Message History

You hit the white ugly thing but do no damage.
The white ugly thing is severely wounded.
The vault warden activates a sealing rune.
You barely miss the white ugly thing.
The white ugly thing is severely wounded.
You slice the white ugly thing!! You freeze the white ugly thing.
You kill the white ugly thing!
Okawaru accepts your kill.
The yaktaur captain shoots a bolt.
The bolt completely misses you.
An orc comes into view. It is wielding a mace of crushing.
The vault sentinel blows a loud note on a signal horn!
The white ugly thing basks in the mutagenic energy from its kin and changes!
The vault sentinel points at you and mumbles some strange words.
The mark upon you grows brighter.
A brown ugly thing comes into view.
You feel like a meek peon again.
Your hands slow down.
The vault sentinel blows a loud note on a signal horn!
The red ugly thing basks in the mutagenic energy from its kin and changes!
The yaktaur captain shoots a bolt.
The bolt hits you!!
You die...

#..# #..# #..# #..# #..# ##....
#..# ..... #..# .... ### ###..#
..o +@# #....#### ..
#§########....#... ... #.
#pc{..........#...
....#####'###upO..........#...
..........p).puu...........'...
............c(pp............#...
...............o.............#...
............u.u..............####
$..........u.................#


You could see an ironheart preserver, a vault warden, a yaktaur captain, 4 ugly
things, an ogre mage, 3 vault sentinels and an orc.

Vanquished Creatures
  Gastronok (Lair:1)
  A sphinx (Depths:1)
  A tengu reaver (Depths:1)
  3 frost giants
  3 emperor scorpions (Spider:4)
  A vault warden (Vaults:1)
  An orc warlord (D:11)
  5 ghost moths
  3 stone giants
  A juggernaut skeleton (D:15)
  A very ugly thing (Depths:1)
  4 entropy weavers
  Azrael (Spider:2)
  2 spark wasps (Spider:4)
  Snorg (D:11)
  2 ettins (Depths:1)
  A merfolk impaler (Shoals:1)
  A minotaur (Lab)
  3 great orbs of eyes
  Erolcha (D:9)
  3 fire dragons
  An ice dragon (Depths:1)
  An ogre mage (Depths:1)
  The ghost of graki42 the Eclecticist, a journeyman DEFE of Vehumet (Lair:3)
  A catoblepas (Lair:6)
  4 centaur warriors
  3 hydras
  3 merfolk aquamancers (Shoals:1)
  6 two-headed ogres
  5 death yaks (Lair:5)
  4 tengu warriors
  2 deep troll earth magi (Depths:1)
  A shock serpent (shapeshifter) (Depths:2)
  The ghost of anet the Thaumaturge, a journeyman DEWz of Ashenzari (D:8)
  2 deep troll shamans
  A vampire mage (D:15)
  Nergalle (Lair:3)
  A deep elf knight (D:13)
  A hell knight (Depths:2)
  4 skeletal warriors
  An iron troll (Depths:1)
  2 sea snakes
  10 deep trolls (Depths:1)
  3 unseen horrors
  3 glowing orange brains
  An unseen horror (shapeshifter) (Depths:2)
  A tengu zombie (D:15)
  A lindwurm (Lair:6)
  Pikel (D:5)
  2 necromancers
  2 wizards (D:15)
  9 orc knights
  13 orb spiders
  A mana viper (D:11)
  7 ugly things
  An oklob plant (Lair:1)
  5 deep elf magi
  A frost giant zombie (D:15)
  30 wolf spiders
  3 manticores
  A sphinx skeleton (D:15)
  3 moths of wrath
  8 elephants
  3 cyclopes
  4 water nymphs (Shoals:1)
  A vault sentinel (Vaults:1)
  7 black mambas
  4 centaur zombies
  2 molten gargoyles (Lair:6)
  11 spiny frogs
  A kobold demonologist (D:13)
  2 gargoyles
  2 rime drakes
  7 demonic crawlers
  2 freezing wraiths
  10 komodo dragons
  2 yaktaurs
  4 merfolk (Shoals:1)
  A queen bee (D:9)
  5 tengu conjurers
  35 jumping spiders
  A polar bear (Lair:4)
  A troll (shapeshifter) (Depths:1)
  5 trolls
  A wind drake (Shoals:1)
  9 hippogriffs
  7 hornets
  23 slime creatures
  8 blink frogs
  A meliai zombie (D:12)
  4 dream sheep (Shoals:1)
  A vampire (D:12)
  32 tarantellas
  8 wyverns
  A centaur simulacrum (D:15)
  3 wraiths
  A fire elemental (Spider:3)
  73 redbacks
  12 yaks
  A tarantella (shapeshifter) (Vaults:1)
  A hog (shapeshifter) (Depths:1)
  12 water elementals
  4 basilisks
  3 hungry ghosts
  3 steam dragons (Lair:6)
  5 wargs
  Menkaure (D:5)
  4 acid dragons
  A soldier ant (D:14)
  12 water moccasins
  8 hell hounds
  37 orc warriors
  7 porcupines
  2 black bears
  4 sky beasts
  2 slaves (D:5)
  An eye of draining (D:10)
  2 ice beasts
  A necrophage (D:9)
  A phantom (D:12)
  3 wolves (Lair:5)
  8 boggarts
  16 ogres
  17 centaurs
  10 crocodiles
  7 big kobolds
  22 bullfrogs
  2 wyvern skeletons
  4 scorpions
  The ghost of Kavrick the Ruffian, a weakling TrMo (D:3)
  10 wights (D:13)
  24 killer bees
  2 howler monkeys
  8 electric eels
  4 lava snakes (Lair:6)
  6 crimson imps
  7 jellies
  A quasit (D:12)
  5 centaur skeletons
  8 hounds
  A human zombie (Ossuary)
  12 orc priests
  2 bullfrog skeletons
  8 worker ants
  2 iguanas (D:7)
  26 orc wizards
  A hound zombie (D:6)
  3 mummies (Ossuary)
  A gnoll (D:1)
  6 adders
  A shadow imp (D:9)
  5 oozes
  An adder skeleton (D:6)
  2 worms
  2 leopard geckos
  69 orcs
  A ball python (D:1)
  3 bats
  3 giant cockroaches
  8 hobgoblins
  11 jackals
  33 kobolds
  4 quokkas
  2 frilled lizards
  4 goblins
  6 goblin zombies (Ossuary)
  2 hobgoblin zombies (Ossuary)
  A jackal zombie (D:9)
  3 kobold zombies (Ossuary)
  13 rats
  2 plants
1001 creatures vanquished.

Vanquished Creatures (others)
  2 elephants (Lair:6)
  A redback (Spider:3)
  A boggart (Depths:1)
  13 plants
17 creatures vanquished.

Grand Total: 1018 creatures vanquished

Notes
Turn   | Place    | Note
-------+----------+-------------------------------------------
     0 | D:1      | Moloch the Demonspawn Fighter began the quest for the Orb.
     0 | D:1      | Reached XP level 1. HP: 18/18 MP: 1/1
   135 | D:1      | Reached skill level 2 in Long Blades
   183 | D:1      | Gained mutation: You have sharp toenails. [demonic ancestry]
   183 | D:1      | Reached XP level 2. HP: 16/24 MP: 2/2
   438 | D:1      | Reached XP level 3. HP: 19/30 MP: 3/3
   698 | D:2      | Reached skill level 3 in Long Blades
   750 | D:2      | HP: 1/30 [worm (6)]
  1077 | D:2      | Reached XP level 4. HP: 21/37 MP: 4/4
  1552 | D:3      | Found a snail-covered altar of Cheibriados.
  1975 | D:3      | Reached skill level 4 in Long Blades
  1975 | D:3      | Gained mutation: You are surrounded by a mild repulsion field. (EV +2) [demonic ancestry]
  1975 | D:3      | Reached XP level 5. HP: 40/42 MP: 5/5
  2082 | D:3      | Noticed Kavrick's ghost (weakling TrMo)
  2135 | D:3      | Killed Kavrick's ghost
  2769 | D:4      | Found a deep blue altar of Sif Muna.
  3212 | D:5      | Entered Level 5 of the Dungeon
  3288 | D:5      | Noticed a slave
  3315 | D:5      | Killed a slave
  3345 | D:5      | Noticed a slave
  3346 | D:5      | Noticed Pikel
  3369 | D:5      | Killed a slave
  3398 | D:5      | Killed Pikel
  3398 | D:5      | Reached skill level 5 in Fighting
  3398 | D:5      | Reached skill level 6 in Long Blades
  3398 | D:5      | Gained mutation: You are immune to rotting. [demonic ancestry]
  3398 | D:5      | Reached XP level 6. HP: 24/51 MP: 6/6
  3398 | D:5      | Reached XP level 7. HP: 27/56 MP: 7/7
  3547 | D:5      | Found a staircase to the Ecumenical Temple.
  3607 | Temple   | Entered the Ecumenical Temple
  3624 | Temple   | Became a worshipper of Warmaster Okawaru
  3660 | D:5      | Noticed Menkaure
  3668 | D:5      | Killed Menkaure
  3668 | D:5      | Reached skill level 7 in Long Blades
  3760 | D:5      | Found a stormy altar of Qazlal.
  3763 | D:5      | Noticed a fire elemental
  3763 | D:5      | Noticed a water elemental
  3763 | D:5      | Noticed an air elemental
  3895 | D:6      | Found a glowing golden altar of the Shining One.
  4077 | D:6      | Reached XP level 8. HP: 62/62 MP: 8/8
  4118 | D:6      | Reached skill level 8 in Long Blades
  4203 | D:6      | Found Reuseppi's Magic Scroll Shop.
  4213 | D:6      | Found a shattered altar of Ashenzari.
  4215 | D:6      | Bought a scroll of magic mapping for 52 gold pieces
  4273 | D:6      | Found a hide-covered altar of Uskayaw.
  4569 | D:7      | Found a sacrificial altar of Ru.
  4569 | D:7      | Found a shadowy altar of Dithmenos.
  4626 | D:7      | Reached * piety under Okawaru
  4937 | D:7      | Reached skill level 9 in Long Blades
  5196 | D:7      | Reached skill level 1 in Dodging
  5220 | D:7      | Found a bloodstained altar of Trog.
  5833 | D:8      | Reached ** piety under Okawaru
  5884 | D:7      | HP: 4/97 [acid dragon (3)]
  5885 | D:7      | Gained mutation: You are surrounded by a moderate repulsion field. (EV +3) [demonic ancestry]
  5885 | D:7      | Reached XP level 9. HP: 4/71 MP: 7/9
  6291 | D:8      | Gained mutation: You have a pair of small antennae on your head. [mutagenic meat]
  6292 | D:8      | Gained mutation: You are somewhat resistant to further mutation. [mutagenic meat]
  6313 | D:8      | Found a sand-covered staircase.
  6318 | Ossuary  | Entered an ossuary
  6778 | Ossuary  | Reached skill level 10 in Long Blades
  6972 | Ossuary  | Got a clouded steel ring
  7029 | D:8      | Reached skill level 1 in Invocations
  7031 | D:8      | Noticed anet's ghost (journeyman DEWz)
  7047 | D:8      | Noticed a two-headed ogre
  7274 | D:8      | Gained mutation: You are agile. (Dex +2) [mutagenic meat]
  7701 | D:7      | Identified the ring "Wirar" {Ice MP+9 Dex+4 SInv Stlth+} (You found it in an ossuary)
  7841 | D:8      | Killed a two-headed ogre
  7841 | D:8      | Reached *** piety under Okawaru
  7853 | D:8      | Gained mutation: You may emit foul miasma when damaged in melee. [demonic ancestry]
  7853 | D:8      | Reached XP level 10. HP: 79/79 MP: 11/11
  7914 | D:8      | Killed anet's ghost
  7914 | D:8      | Reached skill level 11 in Long Blades
  8532 | D:9      | Found a sparkling altar of Nemelex Xobeh.
  8598 | D:9      | Noticed Erolcha
  8607 | D:9      | Killed Erolcha
  8607 | D:9      | Reached **** piety under Okawaru
  8607 | D:9      | Reached skill level 5 in Dodging
  9113 | D:10     | Entered Level 10 of the Dungeon
  9967 | D:10     | Found Puyt's Gadget Shop.
 10027 | D:10     | Found a staircase to the Lair.
 10040 | D:10     | Reached skill level 12 in Long Blades
 10638 | D:11     | Noticed Snorg
 10655 | D:11     | Killed Snorg
 10655 | D:11     | Reached ***** piety under Okawaru
 10655 | D:11     | Reached XP level 11. HP: 57/87 MP: 9/12
 10724 | D:11     | Found a staircase to the Orcish Mines.
 10780 | D:11     | Noticed Urug
 10794 | D:11     | Noticed Urug
 10794 | D:11     | Urug changed into Urug the mana viper
 10807 | D:11     | Killed Urug the mana viper
 11103 | D:11     | Noticed a two-headed ogre
 11112 | D:11     | Killed a two-headed ogre
 11489 | D:11     | Received a gift from Okawaru
 12054 | D:12     | Noticed a skeletal warrior
 12054 | D:12     | Noticed a skeletal warrior
 12054 | D:12     | Noticed a skeletal warrior
 12078 | D:11     | Killed a skeletal warrior
 12078 | D:11     | Reached skill level 13 in Long Blades
 12788 | D:12     | Killed a skeletal warrior
 13157 | D:6      | Bought a scroll of brand weapon for 300 gold pieces
 13157 | D:6      | Bought 2 scrolls of teleportation for 90 gold pieces
 13270 | Orc:1    | Entered Level 1 of the Orcish Mines
 13322 | Orc:1    | Found Ecran's Antique Weapon Emporium.
 13424 | Orc:1    | Noticed an orc warlord
 13531 | D:11     | Killed an orc warlord
 13784 | Orc:1    | Reached skill level 10 in Fighting
 13884 | Orc:1    | Gained mutation: You regenerate a little health from kills. [demonic ancestry]
 13884 | Orc:1    | Reached XP level 12. HP: 96/97 MP: 13/13
 14029 | Orc:2    | Entered Level 2 of the Orcish Mines
 14669 | Orc:2    | Found a staircase to the Elven Halls.
 15113 | Orc:2    | Reached skill level 14 in Long Blades
 15210 | Orc:2    | Received a gift from Okawaru
 16623 | Orc:2    | Found Feycepoden's Antique Armour Shop.
 16623 | Orc:2    | Found Sotwyc's Armour Shoppe.
 16625 | Orc:2    | Found Poegg's General Store.
 16627 | Orc:2    | Found Gadeffaa's Distillery.
 16736 | Lair:1   | Entered Level 1 of the Lair of Beasts
 16781 | D:12     | Gained mutation: You are very agile. (Dex +4) [mutagenic meat]
 17143 | D:13     | Noticed a two-headed ogre
 17150 | D:13     | Killed a two-headed ogre
 17158 | D:13     | Received a gift from Okawaru
 17204 | D:13     | Reached ****** piety under Okawaru
 17295 | D:13     | Gained mutation: You frequently emit foul miasma when damaged in melee. [demonic ancestry]
 17295 | D:13     | Reached XP level 13. HP: 98/106 MP: 14/14
 17325 | D:13     | Received a gift from Okawaru
 17348 | D:13     | Got a scorched plate armour {god gift}
 17359 | D:13     | Identified the +4 plate armour of Day {+Inv Str-3 SInv} (Okawaru gifted it to you on level 13 of the Dungeon)
 17470 | D:13     | Reached skill level 15 in Long Blades
 17899 | D:13     | Found a gate to the Vaults.
 18328 | D:14     | Noticed Sonja
 18501 | D:14     | Noticed Sonja
 18501 | D:14     | Sonja changed into Sonja the troll
 18507 | D:14     | Killed Sonja the troll
 19043 | D:14     | Received a gift from Okawaru
 19232 | D:14     | Identified Sif Muna's Handbook of Axaxaxas mlö
 19452 | D:14     | Identified the Incunabulum of Sand
 19459 | D:14     | Identified the Almanac of Combed Thunderclap
 19879 | D:15     | Entered Level 15 of the Dungeon
 19879 | D:15     | Found Ceoxuto's Jewellery Shoppe.
 19883 | D:15     | Found Haodghiu's Armour Shop.
 20050 | D:15     | Received a gift from Okawaru
 20268 | D:15     | Reached skill level 5 in Armour
 20450 | D:15     | Found a staircase to the Depths.
 20462 | D:15     | Noticed a jiangshi
 20869 | Lair:1   | Reached XP level 14. HP: 116/116 MP: 15/15
 20990 | Lair:1   | Received a gift from Okawaru
 21091 | Lair:1   | Noticed Gastronok
 21107 | Lair:1   | Killed Gastronok
 21174 | Lair:1   | Received a gift from Okawaru
 21601 | Lair:2   | Learned a level 1 spell: Apportation
 21757 | Lair:2   | Reached skill level 16 in Long Blades
 22240 | Lair:3   | Noticed graki42's ghost (journeyman DEFE)
 22266 | Lair:3   | Killed graki42's ghost
 22620 | Lair:3   | Noticed Nergalle
 22707 | Lair:3   | Killed Nergalle
 23147 | Lair:3   | Found a hole to the Spider Nest.
 23339 | Lair:3   | Found a staircase to the Shoals.
 24108 | Lair:5   | Found a labyrinth entrance.
 24117 | Lab      | Entered a labyrinth
 24412 | Lab      | Identified Sif Muna's Guide on Stones
 24709 | Lair:5   | Received a gift from Okawaru
 25036 | Lair:5   | Learned a level 3 spell: Regeneration
 25740 | Lair:5   | Received a gift from Okawaru
 26154 | Lair:6   | Entered Level 6 of the Lair of Beasts
 26170 | Lair:6   | Reached skill level 10 in Dodging
 26305 | Lair:6   | Found a staircase to the Slime Pits.
 26727 | Lair:6   | Received a gift from Okawaru
 26852 | Lair:6   | Reached XP level 15. HP: 98/125 MP: 16/16
 27478 | Lair:6   | Found a large runed door.
 27479 | Lair:6   | Found a large runed door.
 27508 | Lair:6   | Reached skill level 17 in Long Blades
 28085 | Shoals:1 | Entered Level 1 of the Shoals
 29763 | D:15     | Found Peajo's Assorted Antiques.
 29778 | D:15     | Bought a faintly glowing jade amulet for 150 gold pieces
 29790 | D:15     | Found Avooph's Magic Scroll Emporium.
 29804 | D:15     | Bought a scroll of identify for 32 gold pieces
 29804 | D:15     | Identified the amulet "Rasan" {Harm *Drain Str+4} (You bought it in a shop on level 15 of the Dungeon)
 29831 | D:15     | Received a gift from Okawaru
 30173 | Depths:1 | Entered Level 1 of the Depths
 30383 | Depths:1 | Noticed a frost giant
 30732 | D:15     | Killed a frost giant
 30915 | Depths:1 | Received a gift from Okawaru
 32585 | Depths:1 | Gained mutation: Your flesh is cold resistant. (rC+) [demonic ancestry]
 32585 | Depths:1 | Reached XP level 16. HP: 131/134 MP: 17/17
 33427 | Depths:1 | Reached skill level 18 in Long Blades
 33484 | Depths:1 | Found a gateway to Hell.
 33581 | Depths:1 | Noticed a sphinx
 33599 | Depths:1 | Killed a sphinx
 34334 | Depths:2 | Reached skill level 15 in Fighting
 35006 | Depths:2 | Received a gift from Okawaru
 35067 | Depths:2 | Noticed a tengu reaver
 35072 | Depths:2 | Noticed a titan
 35332 | Depths:1 | Gained mutation: Armour fits poorly on your strangely shaped body. [mutagenic meat]
 35336 | Depths:1 | Lost mutation: Armour fits poorly on your strangely shaped body. [potion of mutation]
 35336 | Depths:1 | Lost mutation: You are somewhat resistant to further mutation. [potion of mutation]
 35336 | Depths:1 | Lost mutation: You are very agile. (Dex +4) [potion of mutation]
 35336 | Depths:1 | Lost mutation: You are agile. (Dex +2) [potion of mutation]
 35336 | Depths:1 | Gained mutation: Scrolls take you a little longer to read. [potion of mutation]
 35336 | Depths:1 | Gained mutation: You are agile. (Dex +2) [potion of mutation]
 35336 | Depths:1 | Gained mutation: You have razor-sharp toenails. [potion of mutation]
 35418 | Depths:1 | Killed a tengu reaver
 35842 | Depths:2 | Noticed a caustic shrike
 36076 | Spider:1 | Entered Level 1 of the Spider Nest
 38440 | Spider:2 | Received a gift from Okawaru
 39147 | Spider:2 | Mutation became permanent: You have sharp toenails. [demonic ancestry]
 39147 | Spider:2 | Gained mutation: You have razor-sharp toenails. [demonic ancestry]
 39147 | Spider:2 | Reached XP level 17. HP: 131/142 MP: 18/18
 39631 | Spider:3 | Noticed Azrael
 39663 | Spider:2 | Killed Azrael
 40008 | Spider:3 | Received a gift from Okawaru
 40430 | Spider:3 | Paralysed by a hornet for 1 turns
 40909 | Spider:3 | Reached skill level 19 in Long Blades
 41001 | Spider:4 | Entered Level 4 of the Spider Nest
 41039 | Spider:4 | Noticed Roxanne
 41058 | Spider:4 | Reached skill level 10 in Armour
 43440 | Spider:4 | Received a gift from Okawaru
 44370 | Spider:4 | Got a gossamer rune of Zot
 44686 | Vaults:1 | Entered Level 1 of the Vaults
 44909 | Vaults:1 | Shot with a bolt by a yaktaur captain

Vault maps used:
D:1:      minmay_arrival_widening_spiral_wide, minmay_misc_feat_hallway,
          minmay_rat_gold_closets
D:2:      first_bread
D:3:      cheibriados_altar_1
D:4:      lemuel_crystal_altar, fountainhead, minmay_crossroads
D:5:      nicolae_qazlal_style_of_elements, temple_pool_b, uniq_pikel,
          uniq_menkaure
D:6:      nicolae_overflow_hidden_temple, eat_drink_and_be_merry_uskayaw,
          serial_shops, shop, basic_altar
D:7:      gammafunk_temple_overflow_elements, trog_book
D:8:      enter_ossuary_2
D:9:      nemelex_xobeh_ov_fountains_minmay, uniq_erolcha
D:10:     lair_entry_dummy, serial_shops, shop_fountains, david_nohive_1,
          minmay_door_square
D:11:     orc_0_dummy, uniq_urug, uniq_snorg
D:13:     hangedman_vaults_entry_quadrant_bands
D:14:     grunt_decor_mini_mirrors, bh_hangedman_babel_library, uniq_sonja
D:15:     gammafunk_depths_entry_grave, serial_bayou_shore_a, serial_shops,
          shop, nicolae_shop_overgrown_old_shop, shop_fountains,
          nicolae_shop_trees, st_stairs_7
Temple:   cyrus_circular_temple
Lair:1:   minmay_lair_oklob_chamber, grunt_megastairs_3, uniq_gastronok
Lair:2:   st_stairs_3
Lair:3:   elwin_shoals_entry_rooms, spider_nest_entry_funnel_web,
          serial_bayou_shore_b, uniq_nergalle
Lair:5:   cheibrodos_lair_overgrown_chateau, lab_entry_generic,
          serial_bayou_lagoon_a, infiniplex_staircase_pool_2
Lair:6:   cheibrodos_lair_end_hotspot, nicolae_slime_entry_slimehenge
Shoals:1: argonaut_golden_fleece, nicolae_shoals_water_shrine
Spider:2: nicolae_spider_webbed_stairs
Spider:3: uniq_azrael
Spider:4: spider_rune_water, nicolae_spider_webs_and_nodes, uniq_roxanne
Orc:1:    serial_shops, nicolae_shop_behind_doors
Orc:2:    st_orc_rangers
Vaults:1: nicolae_vaults_alarming, grunt_vaults_twisty, vaults_mumra_minichess,
          nicolae_vaults_network_periphery, vaults_dpeg_hooks,
          ontoclasm_vaults_eye, v_alt_pattern_2, hangedman_vaults_corner_blocks,
          v_misc_8, nicolae_vaults_little_ls, v_misc_14, vaults_room_door_ring,
          vaults_room_pool, nicolae_vaults_little_squares_4
Depths:1: corexii_corridor_pit, pf_coc_iceberg, kennysheep_opposing_triangles,
          grunt_megastairs_2
Depths:2: hangedman_cross_cluster, serial_sigils_hangedman_leer,
          grunt_hell_entry_dis_grunt, serial_shops, shop,
          infiniplex_staircase_diamond
Lab:      nicolae_lab_dead_adventurers, nicolae_lab_very_dead_end,
          labyrinth_skeletal_remains, labyrinth_fake_exit, nicolae_lab_hexagon,
          nicolae_lab_blocks
Ossuary:  ossuary_kennysheep_city_of_the_dead

Skill      XL: |  1  2  3  4  5  6  7  8  9 10 11 12 13 14 15 16 17 |
---------------+----------------------------------------------------+-----
Long Blades    | 2 3 4 6 7 9 10 12 13 14 15 16 17 18 19 | 19.4
Fighting       | 4 5 6 7 8 10 11 12 13 14 15 16 | 16.2
Dodging        | 1 4 5 7 8 9 10 11 12 | 12.6
Invocations    | 2 |  2.0
Armour         | 3 5 7 8 9 10 | 10.4
Shields        | |  2.6

Action                   |  1- 3 |  4- 6 |  7- 9 | 10-12 | 13-15 | 16-18 || total
-------------------------+-------+-------+-------+-------+-------+-------++-------
Melee: Long sword        |    84 |   145 |   362 |       |       |       ||   591
       Kick              |    15 |     6 |       |       |       |       ||    21
       Scimitar          |       |       |    51 |   495 |       |       ||   546
       Demon blade       |       |       |       |   525 |  1684 |  1359 ||  3568
Invok: Heroism           |       |       |     6 |    15 |    18 |    19 ||    58
       Finesse           |       |       |       |     1 |     1 |     4 ||     6
Evoke: Wand              |       |       |    11 |     7 |    14 |     1 ||    33
       Lightning rod     |       |       |       |       |     4 |       ||     4
  Use: Scroll            |       |       |    13 |     7 |    15 |    10 ||    45
       Potion            |       |       |     3 |     1 |     4 |     4 ||    12
 Stab: Paralysed         |       |       |       |       |     1 |       ||     1
       Invisible         |       |       |       |       |     2 |       ||     2
       Sleeping          |       |       |       |       |     1 |       ||     1
       Distracted        |       |       |       |       |       |     1 ||     1
  Eat: Chunk             |     1 |     8 |    21 |    33 |    41 |    34 ||   138
       Fruit             |       |       |       |     3 |    11 |    13 ||    27
Armor: Scale mail        |    20 |    41 |   138 |       |       |       ||   199
       Skin              |       |       |    30 |     9 |       |       ||    39
       Plate armour      |       |       |    15 |   362 |   410 |       ||   787
       Fire dragon scale |       |       |       |       |   106 |   419 ||   525
Dodge: Dodged            |    23 |    53 |   133 |   284 |   585 |  1039 ||  2117
Block: Shield            |    32 |    63 |   216 |   423 |   539 |   629 ||  1902
       Rpst.: Long sword |     6 |    17 |    33 |       |       |       ||    56
       Scimitar          |       |       |     2 |    46 |       |       ||    48
       Demon blade       |       |       |       |    38 |   130 |   198 ||   366

Table legend:
 A = Spawn XP
 B = Non-spawn XP
 C = Spawn XP percentage of total XP
 D = Spawn monster count
 E = Non-spawn monster count
 F = Spawn count percentage of total count
 G = Total turns spent on level
                    A         B        C        D         E        F      G
               +---------+---------+-------+---------+---------+-------+---------
         Total |       0 |  275987 |   0.0 |       0 |     997 |   0.0 | 44909
               +---------+---------+-------+---------+---------+-------+---------
           D:1 |       0 |      42 |   0.0 |       0 |      18 |   0.0 |   913
           D:2 |       0 |      71 |   0.0 |       0 |      19 |   0.0 |   627
           D:3 |       0 |     194 |   0.0 |       0 |      27 |   0.0 |  1132
           D:4 |       0 |      60 |   0.0 |       0 |       3 |   0.0 |   540
           D:5 |       0 |     873 |   0.0 |       0 |       5 |   0.0 |   580
           D:6 |       0 |     462 |   0.0 |       0 |      12 |   0.0 |  1089
           D:7 |       0 |    1478 |   0.0 |       0 |      39 |   0.0 |  1949
           D:8 |       0 |    3134 |   0.0 |       0 |      35 |   0.0 |   874
           D:9 |       0 |    2319 |   0.0 |       0 |      22 |   0.0 |  1216
          D:10 |       0 |    1607 |   0.0 |       0 |      23 |   0.0 |  1257
          D:11 |       0 |    8266 |   0.0 |       0 |      37 |   0.0 |  2191
          D:12 |       0 |    3567 |   0.0 |       0 |      16 |   0.0 |  1056
          D:13 |       0 |   13452 |   0.0 |       0 |      73 |   0.0 |  1082
          D:14 |       0 |    7393 |   0.0 |       0 |      31 |   0.0 |  1892
          D:15 |       0 |   17304 |   0.0 |       0 |      33 |   0.0 |  2979
        Lair:1 |       0 |    6665 |   0.0 |       0 |      20 |   0.0 |   935
        Lair:2 |       0 |    2237 |   0.0 |       0 |      10 |   0.0 |   799
        Lair:3 |       0 |    6611 |   0.0 |       0 |      18 |   0.0 |  1400
        Lair:4 |       0 |    2205 |   0.0 |       0 |       4 |   0.0 |   901
        Lair:5 |       0 |   14330 |   0.0 |       0 |      41 |   0.0 |  1613
        Lair:6 |       0 |   15488 |   0.0 |       0 |      58 |   0.0 |  1844
      Shoals:1 |       0 |   11062 |   0.0 |       0 |      25 |   0.0 |  1039
      Spider:1 |       0 |   15968 |   0.0 |       0 |      46 |   0.0 |  1668
      Spider:2 |       0 |   22114 |   0.0 |       0 |      58 |   0.0 |  2179
      Spider:3 |       0 |   13718 |   0.0 |       0 |      46 |   0.0 |  1426
      Spider:4 |       0 |   32216 |   0.0 |       0 |      61 |   0.0 |  3176
         Orc:1 |       0 |    1959 |   0.0 |       0 |      22 |   0.0 |  1236
         Orc:2 |       0 |   11008 |   0.0 |       0 |      91 |   0.0 |  1861
      Vaults:1 |       0 |    8237 |   0.0 |       0 |      14 |   0.0 |   223
      Depths:1 |       0 |   40281 |   0.0 |       0 |      60 |   0.0 |  3461
      Depths:2 |       0 |   10293 |   0.0 |       0 |      14 |   0.0 |   738
           Lab |       0 |    1058 |   0.0 |       0 |       1 |   0.0 |   302
       Ossuary |       0 |     315 |   0.0 |       0 |      15 |   0.0 |   705
               +---------+---------+-------+---------+---------+-------+---------
